 Dungeon Crawl Stone Soup version 0.15.0-12-gccce430 (webtiles) character file.

264709 yomama1 the Warrior (level 20, -18/139 HPs)
             Began as a Gargoyle Fighter on Sept 1, 2014.
             Was the Champion of Okawaru.
             Killed from afar by a deep elf annihilator (33 damage)
             ... with a crystal spear
             ... on Level 3 of the Elven Halls.
             The game lasted 03:45:40 (46326 turns).

yomama1 the Warrior (Gargoyle Fighter)             Turns: 46326, Time: 03:45:40

HP -18/139       AC 61     Str 29      XL: 20   Next:  5%
MP  26/26        EV  8     Int 10      God: Okawaru [******]
Gold 3560        SH 14     Dex  8      Spells:  2 memorised, 16 levels left

rFire  + + .     SeeInvis +     U - +8 demon whip (drain)
rCold  + . .     Clarity  .     T - +15 Maxwell's patent armour {rC+ rF+, -Cast -Tele MR+}
rNeg   + + +     rCorr    .     c - +0 shield {AC+3}
rPois  +         rRot     +     O - +2 helmet {SInv}
rElec  +         Spirit   .     a - +0 cloak of the Thunderstorm {+Rage}
SustAb .         Warding  +     f - +2 pair of gloves
rMut   .         NoTele   +     s - +1 pair of boots {+Jump}
Gourm  .         NoCast   +     X - amulet "Detept" {Ward rPois rF+ rN++}
MR     ++...                    A - +5 ring of slaying
                                Q - ring of Charity {Slay+6 Stlth-}

@: flying, very slightly contaminated, hasted, very quick, very resistant to
hostile enchantments, extremely unstealthy
A: able to fly continuously, big wings, negative energy resistance 1,
electricity resistance, unbreathing, petrification resistance, rot immunity, AC
+15
a: Stop Flying, Heroism, Finesse, Renounce Religion, Evoke Berserk Rage, Evoke
Jump Attack
}: 2/15 runes: decaying, serpentine


You were on level 3 of the Elven Halls.
You worshipped Okawaru.
Okawaru was exalted by your worship.
You were full.

You visited 7 branches of the dungeon, and saw 39 of its levels.
You also visited: Labyrinth and Sewer.

You collected 3865 gold pieces.
You spent 305 gold pieces at shops.

Inventory:

Hand weapons
 U - a +8 demon whip of draining (weapon)
Missiles
 H - 12 javelins of returning (quivered)
 K - 5 throwing nets
 R - 10 steel javelins
Armour
 a - the cursed +0 cloak of the Thunderstorm (worn) {+Rage}
   (You bought it in a shop on level 2 of the Elven Halls)

   It lets you go berserk.
   It has a curse placed upon it.
 c - a +0 shield of protection (worn)
 f - a +2 pair of gloves (worn)
 s - a +1 pair of boots of jumping (worn)
 C - a +3 plate armour of magic resistance
 O - a +2 helmet of see invisible (worn)
 T - the +15 Maxwell's patent armour (worn) {rC+ rF+, -Cast -Tele MR+}
   (Okawaru gifted it to you on level 8 of the Lair of Beasts)

   It affects your resistance to hostile enchantments.
   It prevents spellcasting.
   It prevents most forms of teleportation.
Magical devices
 l - a wand of disintegration (9)
 p - a wand of digging (20)
 u - a wand of flame (1)
 x - a wand of disintegration (12)
 z - a wand of enslavement (7)
 D - a wand of cold (11)
 G - a wand of polymorph (11)
 I - a wand of disintegration (10)
 V - a wand of hasting (0)
 Y - a wand of digging (11)
Comestibles
 d - 26 bread rations
 j - 9 meat rations
 r - 2 beef jerkies
 J - 10 royal jellies
 N - 14 fruits
Scrolls
 e - a scroll of amnesia
 g - 18 scrolls of remove curse
 m - 6 scrolls of magic mapping
 n - 13 scrolls of teleportation
 o - 8 scrolls of recharging
 q - 2 scrolls of fog
 w - 9 scrolls of identify
 y - 5 scrolls of blinking
 E - 5 scrolls of fear
 S - a scroll of holy word
Jewellery
 k - an uncursed amulet of the gourmand
 A - a +5 ring of slaying (right hand)
 M - the cursed ring "Jaqiasae" {MP+9 Str+2 Dex-2, unknown}
   (You took it off a deep elf demonologist on level 3 of the Elven Halls)

   [ring of magical power]

   It affects your strength (+2).
   It affects your dexterity (-2).
   It affects your magic capacity (+9).
   It has a curse placed upon it.
 Q - the ring of Charity (left hand) {Slay+6 Stlth-}
   (You found it on level 12 of the Dungeon)

   [ring of loudness]

   It affects your accuracy and damage with ranged weapons and melee attacks
   (+6).
   It makes you less stealthy.
 W - a +3 ring of protection
 X - the amulet "Detept" (around neck) {Ward rPois rF+ rN++}
   (You found it on level 2 of the Swamp)

   [amulet of warding]

   It may prevent the melee attacks of summoned creatures.
   It protects you from fire.
   It protects you from poison.
   It greatly protects you from negative energy.
Potions
 b - 2 potions of cancellation
 v - 4 potions of haste
 F - 8 potions of curing
 L - a potion of porridge
 P - 7 potions of restore abilities
Books
 h - a book of Beasts

   Spells                             Type                      Level
   *Summon Butterflies                Summoning                    1
   Call Canine Familiar               Summoning                    3
   Summon Ice Beast                   Ice/Summoning                4
   Summon Mana Viper                  Hexes/Summoning              5
   Monstrous Menagerie                Summoning                    6
   Summon Hydra                       Summoning                    7
 t - the Handbook of Lightness
   (You found it on level 3 of the Lair of Beasts)

   Spells                             Type                      Level
   Shock                              Conjuration/Air              1
   *Swiftness                         Charms/Air                   2
   Lightning Bolt                     Conjuration/Air              5
   Deflect Missiles                   Charms/Air                   6
 B - a book of Summonings

   Spells                             Type                      Level
   Abjuration                         Summoning                    3
   Recall                             Summoning/Translocation      3
   Shadow Creatures                   Summoning                    5
   Summon Demon                       Summoning                    5
   Summon Forest                      Summoning/Translocation      5
   Monstrous Menagerie                Summoning                    6


   Skills:
 * Level 19.3 Fighting
 * Level 18.5 Maces & Flails
 + Level 12.5 Throwing
 + Level 14.7 Armour
 * Level 15.9 Shields
 - Level 4.7 Invocations
 - Level 0.6 Evocations


You had 16 spell levels left.
You knew the following spells:

 Your Spells              Type           Power        Failure   Level  Hunger
a - Swiftness             Chrm/Air       #.......     100%        2    ###....
b - Summon Butterflies    Summ           #.......     99%         1    ##.....


Dungeon Overview and Level Annotations

Branches:
Dungeon (13/15)            Temple (1/1) D:7             Orc (4/4) D:9
    Elf (3/3) Orc:3          Lair (8/8) D:9           Swamp (5/5) Lair:4
  Snake (5/5) Lair:6        Slime (0/6) Lair:8
 Vaults: D:13-14

Altars:
Ashenzari
Cheibriados
Dithmenos
Elyvilon
Fedhas
Kikubaaqudgha
Makhleb
Nemelex Xobeh
Okawaru
Qazlal
Sif Muna
Trog
Vehumet
Xom
Yredelemnul
Zin
The Shining One
Jiyva

Shops:
D:4 [:*   Orc:2 [   Orc:4 =%:=   Elf:2 [

Portals:
Trove: D:10 (give 6 scrolls of blinking)

Annotations:
D:4 exclusion: upstairs


Innate Abilities, Weirdness & Mutations

You are resistant to torment.
You are immune to poison.
You can fly continuously.
Your stone body is very resilient (AC +15).
Your wings are large and strong.
You resist negative energy.
You are resistant to electric shocks.
You can survive without breathing.
You are immune to petrification.
You are immune to rotting.


Message History

As you read the scroll of fog, it crumbles to dust.
The scroll dissolves into smoke.
Read which item? (? for menu, Esc to quit)
As you read the scroll of fear, it crumbles to dust.
You assume a fearsome visage.
The deep elf annihilator resists with almost no effort. x2
You block the deep elf annihilator's attack.
Read which item? (? for menu, Esc to quit)
Okay, then.
Read which item? (? for menu, Esc to quit)
You can't read that!
Read which item? (? for menu, Esc to quit)
Okay, then.
Read which item? (? for menu, Esc to quit)
As you read the scroll of summoning, it crumbles to dust.
Wisps of shadow whirl around you...
The deep elf annihilator hits you but does no damage.
The deep elf annihilator casts a spell at you.
The crystal spear hits you!
You die...

#)# #.# #.# #.# .#
#)# ...## #)# ##.
.....## #(# ##....
#.....##§##......
#...e§@§e...# ..
##...§§§...##
...##...§eee..#
.........(.....#..
...................
......!............
........(.........
........(........
........[....⌠...


You could see 2 deep elf annihilators, a friendly deep elf fighter and 2
friendly deep elf magi.

Vanquished Creatures
  Saint Roka (Swamp:4)
  the Lernaean hydra (Swamp:5)
  Norris (Swamp:2)
  A tentacled monstrosity (Swamp:5)
  Vashnia (Snake:2)
  2 deep elf blademasters (Elf:3)
  A deep elf master archer (Elf:3)
  Rupert (Elf:2)
  Agnes (Swamp:4)
  Roxanne (Swamp:1)
  5 greater nagas (Snake:5)
  Donald (Snake:3)
  Wiglaf (Swamp:4)
  7 deep elf sorcerers (Elf:3)
  Maud (Swamp:1)
  7 deep elf demonologists (Elf:3)
  The ghost of hackum the Archer, a powerful FoFi of Cheibriados (Orc:4)
  8 deep elf annihilators
  2 ettins (D:12)
  Snorg (Swamp:3)
  4 deep elf death magi
  A large abomination (Elf:3)
  A minotaur (Lab)
  A yaktaur captain (D:13)
  2 deep elf high priests (Elf:3)
  19 hydras
  Harold (Lair:8)
  The ghost of hackum the Quickloader, a powerful FoFi of Okawaru (D:10)
  22 naga warriors
  Nessos (Swamp:1)
  A shambling mangrove (Swamp:5)
  5 anacondas
  3 centaur warriors (D:13)
  9 alligators
  10 death yaks
  A deep troll shaman (Lair:8)
  19 naga sharpshooters
  5 orc high priests
  12 shock serpents
  A catoblepas (Lair:8)
  A sun demon (Elf:3)
  5 spriggans
  5 deep elf knights
  5 salamander mystics
  An ice devil (Elf:3)
  A skeletal warrior (D:12)
  2 sea snakes (Snake:4)
  A spriggan druid (Swamp:5)
  11 deep elf summoners
  18 swamp dragons
  5 naga ritualists
  4 unseen horrors
  6 mana vipers
  11 deep elf conjurers
  5 orc knights
  5 orc sorcerers
  2 red wasps
  A harpy (D:13)
  A griffon (D:13)
  3 ugly things
  16 salamanders
  5 guardian serpents
  17 slime creatures
  A harpy (shapeshifter) (D:12)
  2 manticores (Elf:1)
  2 cyclopes
  4 oklob plants (Lair:3)
  12 elephants
  A sixfirhy (Orc:4)
  24 black mambas
  Joseph (D:8)
  4 orange demons
  18 spiny frogs
  5 komodo dragons
  2 demonic crawlers (Elf:3)
  28 naga magi
  An efreet (D:13)
  2 blue devils (Elf:3)
  2 merfolk (Lair:2)
  Grinder (D:4)
  5 trolls
  2 jumping spiders (Elf:3)
  4 wandering mushrooms (Lab)
  A hydra zombie (D:12)
  11 ravens
  Sonja (Elf:1)
  4 deep elf priests
  3 polar bears (Lair:8)
  A hydra skeleton (D:13)
  A boulder beetle (Lair:6)
  9 giant leeches
  7 bog bodies
  2 baby alligators (Swamp:1)
  16 deep elf magi
  4 blink frogs (Lair:6)
  4 basilisks
  A trapdoor spider (shapeshifter) (D:12)
  3 tarantellas (Elf:3)
  A wyvern (D:8)
  2 trapdoor spiders (D:13)
  4 shadows
  3 redbacks (Elf:3)
  43 yaks
  A hill giant zombie (D:10)
  9 hippogriffs
  15 vampire mosquitoes
  56 nagas
  A warg (Orc:1)
  28 swamp worms
  12 porcupines
  A mottled dragon (D:8)
  19 deep elf fighters
  43 water moccasins
  2 soldier ants (D:8)
  18 wolves
  14 swamp drakes
  21 orc warriors
  2 sky beasts
  10 ice beasts
  5 phantoms
  A dwarf (shapeshifter) (D:9)
  2 necrophages (D:9)
  A spider (D:8)
  A boggart (D:13)
  8 ogres
  7 yellow wasps
  3 black bears
  21 crocodiles
  2 big kobolds
  Sigmund (D:4)
  Duvessa (D:4)
  A boring beetle (Lair:8)
  16 centaurs
  A brain worm (D:8)
  22 giant frogs
  2 cyclops zombies
  A cyclops skeleton (D:13)
  7 insubstantial wisps (Swamp:2)
  An eye of draining (D:13)
  10 killer bees
  10 scorpions
  2 yak zombies (D:13)
  A hippogriff skeleton (D:8)
  2 electric eels
  2 yak skeletons (Orc:4)
  6 crimson imps
  A jelly (D:8)
  9 wights
  Dowan (D:4)
  2 giant frog zombies
  2 goliath beetles
  24 orc priests
  Crazy Yiuf (D:2)
  5 hounds
  A kobold zombie (D:9)
  A lava snake (D:10)
  38 orc wizards
  A centaur skeleton (D:9)
  4 iguanas
  16 orange rats
  11 worker ants
  15 sheep
  A big kobold zombie (D:5)
  Jessica (D:2)
  A big kobold skeleton (D:5)
  2 hound skeletons
  7 gnolls
  27 adders
  4 orc zombies
  A gnoll zombie (D:9)
  A scorpion zombie (D:7)
  5 giant mites
  61 green rats
  2 worms (D:2)
  4 shadow imps
  An iguana zombie (D:5)
  7 giant geckos
  4 oozes
  175 orcs
  11 giant cockroaches
  27 goblins
  22 hobgoblins
  9 jackals
  13 quokkas
  17 ball pythons
  14 bats
  5 giant newts
  A giant spore (D:9)
  A hobgoblin zombie (D:7)
  19 kobolds
  A kobold skeleton (D:7)
  An orc skeleton (D:5)
  36 rats
  8 rat skeletons (Orc:4)
  2 ballistomycetes (D:9)
  5 bushes (Elf:3)
  A fungus (D:5)
  3 plants
1558 creatures vanquished.

Vanquished Creatures (others)
  A hydra (Swamp:5)
  A vampire mosquito (Swamp:1)
  A naga (Snake:1)
  3 lost souls (Elf:3)
  3 orc wizards (Orc:4)
  An orange rat (Elf:3)
  3 rat skeletons (Orc:4)
  9 fungi
  4 plants
26 creatures vanquished.

Grand Total: 1584 creatures vanquished

Notes
Turn   | Place    | Note
--------------------------------------------------------------
     0 | D:1      | yomama1, the Gargoyle Fighter, began the quest for the Orb.
     0 | D:1      | Reached XP level 1. HP: 14/14 MP: 1/1
    68 | D:1      | Reached XP level 2. HP: 6/19 MP: 2/2
   515 | D:1      | Reached XP level 3. HP: 21/23 MP: 3/3
   804 | D:2      | Reached skill level 4 in Maces & Flails
   844 | D:2      | Reached XP level 4. HP: 28/28 MP: 4/4
  1017 | D:2      | Noticed Jessica
  1025 | D:2      | Killed Jessica
  1225 | D:2      | Noticed Crazy Yiuf
  1395 | D:2      | Killed Crazy Yiuf
  1395 | D:2      | Reached skill level 5 in Maces & Flails
  1395 | D:2      | Reached XP level 5. HP: 26/32 MP: 5/5
  1951 | D:3      | Reached skill level 6 in Maces & Flails
  1951 | D:3      | Reached XP level 6. HP: 28/37 MP: 6/6
  2571 | D:4      | Noticed Sigmund
  2596 | D:4      | Killed Sigmund
  2876 | D:4      | Reached skill level 7 in Maces & Flails
  2893 | D:4      | Found Medaz's Book Boutique.
  2958 | D:4      | Noticed Duvessa
  2958 | D:4      | Noticed Dowan
  3017 | D:4      | Killed Duvessa
  3017 | D:4      | Reached XP level 7. HP: 14/41 MP: 7/7
  3466 | D:4      | Killed Dowan
  3637 | D:4      | Found Sheajyaf's Armour Shop.
  3741 | D:4      | Bought a +0 helmet for 49 gold pieces
  4135 | D:4      | Reached skill level 8 in Maces & Flails
  4148 | D:4      | Noticed Grinder
  4158 | D:4      | Killed Grinder
  4279 | D:4      | Found Viebofea's General Store.
  4420 | D:4      | Reached XP level 8. HP: 44/46 MP: 8/8
  4474 | D:5      | Entered Level 5 of the Dungeon
  4528 | D:5      | Reached skill level 9 in Maces & Flails
  5166 | D:4      | Reached skill level 10 in Maces & Flails
  6259 | D:6      | Reached XP level 9. HP: 52/52 MP: 9/9
  6330 | D:6      | Found a glowing drain.
  6350 | Sewer    | Entered a sewer
  7010 | D:6      | Reached skill level 5 in Fighting
  7010 | D:6      | Reached skill level 11 in Maces & Flails
  7318 | D:6      | Reached skill level 5 in Armour
  7582 | D:7      | Found a staircase to the Ecumenical Temple.
  7592 | Temple   | Entered the Ecumenical Temple
  7741 | Temple   | Became a worshipper of Warmaster Okawaru
  8912 | D:8      | Acquired Okawaru's first power
  8913 | D:8      | Noticed Joseph
  9237 | D:8      | Reached XP level 10. HP: 61/61 MP: 11/11
  9299 | D:8      | Reached skill level 1 in Throwing
  9535 | D:8      | Killed Joseph
 10328 | D:9      | Found a staircase to the Orcish Mines.
 10789 | D:9      | Found a staircase to the Lair.
 11479 | D:10     | Entered Level 10 of the Dungeon
 11480 | D:10     | Noticed a water nymph
 11480 | D:10     | a yak changed into a water nymph
 11614 | D:10     | Noticed hackum's ghost (powerful FoFi)
 11914 | Lair:1   | Entered Level 1 of the Lair of Beasts
 12259 | D:10     | Noticed an elephant
 12468 | D:10     | Reached XP level 11. HP: 69/71 MP: 12/12
 12496 | D:10     | Killed hackum's ghost
 12507 | D:10     | Found a portal to a secret trove of treasure.
 12508 | D:10     | Found a shadowy altar of Dithmenos.
 13015 | D:10     | Received a gift from Okawaru
 13311 | D:10     | Reached skill level 12 in Maces & Flails
 13833 | D:11     | Reached skill level 10 in Fighting
 13888 | D:11     | Noticed a seven-headed hydra
 13918 | D:11     | Killed a seven-headed hydra
 13920 | D:11     | Received a gift from Okawaru
 14052 | D:11     | Reached skill level 10 in Armour
 14539 | D:12     | Reached skill level 5 in Throwing
 14698 | D:12     | Acquired Okawaru's second power
 14727 | D:12     | Got a glittering silver ring
 14728 | D:12     | Identified the ring of Charity {Slay+6 Stlth-} (You found it on level 12 of the Dungeon)
 14852 | D:12     | Noticed a harpy
 14852 | D:12     | a golden eye changed into a harpy
 14871 | D:12     | Killed a harpy
 14871 | D:12     | Received a gift from Okawaru
 14871 | D:12     | Reached XP level 12. HP: 55/79 MP: 13/13
 14901 | D:12     | Noticed a skeletal warrior
 14988 | D:12     | Killed a skeletal warrior
 15007 | D:12     | Killed an unseen horror
 15036 | D:12     | Found a shattered altar of Ashenzari.
 15036 | D:12     | Noticed an ettin
 15042 | D:12     | Noticed an ettin
 15042 | D:12     | Killed an ettin
 15049 | D:12     | Killed an ettin
 15058 | D:12     | Received a gift from Okawaru
 15067 | D:12     | Found a blossoming altar of Fedhas.
 15134 | D:12     | Killed an unseen horror
 15370 | D:12     | Got an ancient robe
 15381 | D:12     | Identified the cursed -4 robe of Inviolability {rF++} (You found it on level 12 of the Dungeon)
 15422 | D:12     | Got an ancient ring mail
 15434 | D:12     | Identified the cursed +1 ring mail of Retavv Muhi {Str+2 Dex+1} (You found it on level 12 of the Dungeon)
 15763 | D:13     | Gained mutation: You are agile. (Dex +2) [mutagenic meat]
 15919 | D:13     | Noticed a yaktaur captain
 15978 | D:13     | Killed a yaktaur captain
 15978 | D:13     | Received a gift from Okawaru
 16124 | D:13     | Noticed a centaur warrior
 16134 | D:13     | Killed a centaur warrior
 16178 | D:13     | Noticed a centaur warrior
 16195 | D:13     | Killed a centaur warrior
 16334 | D:13     | Noticed a centaur warrior
 16345 | D:13     | Killed a centaur warrior
 16345 | D:13     | Reached XP level 13. HP: 77/87 MP: 14/14
 16686 | D:13     | Reached skill level 5 in Shields
 16785 | D:13     | Reached skill level 13 in Maces & Flails
 17918 | Lair:1   | Found a shimmering altar of Xom.
 18102 | Lair:1   | Noticed a black mamba
 18112 | Lair:1   | Killed a black mamba
 18149 | Lair:1   | Gained mutation: Your spells are a little easier to cast, but a little less powerful. [potion of mutation]
 18149 | Lair:1   | Gained mutation: Potions and wands are less effective at restoring your health. [potion of mutation]
 18149 | Lair:1   | Lost mutation: Your spells are a little easier to cast, but a little less powerful. [potion of mutation]
 18152 | Lair:1   | Identified a scroll of acquirement
 18155 | Lair:1   | Got a scintillating glass ring
 18156 | Lair:1   | Identified the ring of Twipsain {+Inv rElec rN+} (You acquired it on level 1 of the Lair of Beasts)
 18235 | Lair:2   | Received a gift from Okawaru
 20185 | Lair:3   | Identified the Handbook of Lightness
 20190 | Lair:3   | Learned a level 2 spell: Swiftness
 20893 | Lair:4   | Found a staircase to the Swamp.
 21459 | Lair:5   | Gained mutation: Your wings are large and strong. [gargoyle growth]
 21459 | Lair:5   | Reached XP level 14. HP: 94/94 MP: 15/15
 21853 | Lair:5   | Learned a level 1 spell: Summon Butterflies
 22000 | Lair:6   | Reached skill level 1 in Invocations
 22135 | Lair:6   | Got a pair of ancient boots
 22167 | Lair:6   | Found a staircase to the Snake Pit.
 22198 | Lair:6   | Identified the cursed -3 pair of boots of the Original Sin {rElec rF+} (You found it on level 6 of the Lair of Beasts)
 22746 | Lair:6   | Received a gift from Okawaru
 22768 | Lair:6   | Got a polished battleaxe {god gift}
 22812 | Lair:6   | Identified the +10 battleaxe of the Hummingbird {pain, rElec MR+} (Okawaru gifted it to you on level 6 of the Lair of Beasts)
 23733 | Lair:7   | Reached skill level 14 in Fighting
 23775 | Lair:7   | Received a gift from Okawaru
 24268 | Lair:7   | Received a gift from Okawaru
 24559 | Lair:8   | Entered Level 8 of the Lair of Beasts
 24559 | Lair:8   | Noticed Harold
 24569 | Lair:8   | Killed Harold
 24578 | Lair:8   | Found a labyrinth entrance.
 24588 | Lab      | Entered a labyrinth
 25076 | Lab      | Received a gift from Okawaru
 25079 | Lab      | Got an ichor-stained mace {god gift}
 25086 | Lab      | Identified the +3 mace of Realem {venom, +Blink +Rage Int+1} (Okawaru gifted it to you in a labyrinth)
 25104 | Lab      | Identified the Papyrus of Glacial Enchantment (You found it in a labyrinth)
 25127 | Lab      | Got a polished halberd {freeze}
 25521 | Lair:8   | Found a viscous altar of Jiyva.
 25562 | Lair:8   | Found a staircase to the Slime Pits.
 25909 | Lair:8   | Reached XP level 15. HP: 97/101 MP: 22/22
 25929 | Lair:8   | Received a gift from Okawaru
 26230 | Lair:8   | Got a transparent scale mail
 26241 | Lair:8   | Identified the +0 scale mail of Hexeol {Slay+5} (You found it on level 8 of the Lair of Beasts)
 26375 | Lair:8   | Received a gift from Okawaru
 26663 | Orc:1    | Entered Level 1 of the Orcish Mines
 27191 | Orc:2    | Found Vaahes' Antique Armour Shoppe.
 27230 | Orc:2    | Bought a glowing shield for 112 gold pieces
 27693 | Orc:3    | Found a staircase to the Elven Halls.
 28236 | Orc:4    | Entered Level 4 of the Orcish Mines
 28385 | Orc:4    | Noticed hackum's ghost (powerful FoFi)
 28422 | Orc:4    | Killed hackum's ghost
 29265 | Orc:4    | Reached skill level 15 in Fighting
 29323 | Orc:4    | Found Teetoded's Jewellery Shoppe.
 29453 | Orc:4    | Found Qiwk's Book Shop.
 29454 | Orc:4    | Found Enopsi's Food Shoppe.
 29455 | Orc:4    | Found Psaach's Jewellery Shop.
 30318 | Snake:1  | Entered Level 1 of the Snake Pit
 30696 | Snake:1  | Reached skill level 10 in Shields
 30830 | Snake:1  | Received a gift from Okawaru
 30912 | Snake:1  | Reached skill level 15 in Maces & Flails
 31430 | Snake:2  | Noticed Vashnia
 31491 | Snake:2  | Killed Vashnia
 31510 | Snake:2  | Reached XP level 16. HP: 47/109 MP: 20/23
 32630 | Snake:3  | Received a gift from Okawaru
 32630 | Snake:3  | Reached skill level 10 in Throwing
 32720 | Snake:3  | Reached skill level 16 in Fighting
 33134 | Snake:3  | Lost mutation: You are agile. (Dex +2) [potion of cure mutation]
 33134 | Snake:3  | Lost mutation: Potions and wands are less effective at restoring your health. [potion of cure mutation]
 33266 | Snake:3  | Noticed Donald
 33298 | Snake:3  | Killed Donald
 33298 | Snake:3  | Received a gift from Okawaru
 33964 | Snake:4  | Identified the Catalogue of Toxic Attacks (You found it on level 4 of the Snake Pit)
 34662 | Swamp:1  | Entered Level 1 of the Swamp
 34662 | Swamp:1  | Noticed Roxanne
 34678 | Swamp:1  | Noticed Maud
 34695 | Swamp:1  | Killed Roxanne
 34722 | Swamp:1  | Killed Maud
 34732 | Swamp:1  | Reached XP level 17. HP: 84/116 MP: 24/24
 34822 | Swamp:1  | Noticed Nessos
 34846 | Swamp:1  | Killed Nessos
 34846 | Swamp:1  | Received a gift from Okawaru
 35520 | Swamp:2  | Reached skill level 17 in Fighting
 35548 | Swamp:2  | Got a wavering wooden ring
 35549 | Swamp:2  | Identified the ring "Roluryud" {MP+9 Str-3 Int+2} (You found it on level 2 of the Swamp)
 35709 | Swamp:2  | Got a twitching ruby amulet
 35710 | Swamp:2  | Identified the amulet "Detept" {Ward rPois rF+ rN++} (You found it on level 2 of the Swamp)
 35924 | Swamp:2  | Noticed Norris
 35935 | Swamp:2  | Paralysed by Norris for 2 turns
 35957 | Swamp:2  | Killed Norris
 36210 | Swamp:2  | Received a gift from Okawaru
 36589 | Swamp:3  | Noticed Snorg
 36595 | Swamp:3  | Killed Snorg
 36680 | Swamp:3  | Received a gift from Okawaru
 37129 | Swamp:3  | Received a gift from Okawaru
 37449 | Swamp:4  | Noticed Agnes
 37463 | Swamp:4  | Killed Agnes
 37615 | Swamp:4  | Noticed Wiglaf
 37668 | Swamp:4  | Killed Wiglaf
 37871 | Swamp:4  | Received a gift from Okawaru
 37924 | Swamp:4  | Noticed Saint Roka
 38261 | Swamp:4  | Killed Saint Roka
 38758 | Swamp:5  | Entered Level 5 of the Swamp
 38890 | Swamp:5  | Noticed the 27-headed Lernaean hydra
 38902 | Swamp:5  | Reached XP level 18. HP: 96/124 MP: 18/25
 38952 | Swamp:5  | Killed the 27-headed Lernaean hydra
 39160 | Swamp:5  | Received a gift from Okawaru
 39224 | Swamp:5  | Got a decaying rune of Zot
 39323 | Swamp:5  | Noticed a tentacled monstrosity
 39336 | Swamp:5  | Killed a tentacled monstrosity
 40172 | Snake:5  | Entered Level 5 of the Snake Pit
 40257 | Snake:5  | Reached skill level 18 in Fighting
 40956 | Snake:5  | Received a gift from Okawaru
 41451 | Snake:5  | Reached XP level 19. HP: 73/131 MP: 25/25
 41503 | Snake:5  | Received a gift from Okawaru
 41569 | Snake:5  | Got a serpentine rune of Zot
 42200 | Elf:1    | Entered Level 1 of the Elven Halls
 42432 | Elf:1    | Noticed Sonja
 42442 | Elf:1    | Killed Sonja
 42468 | Elf:1    | Reached skill level 15 in Shields
 42677 | Elf:1    | Paralysed by an orc sorcerer for 6 turns
 42981 | Elf:1    | Received a gift from Okawaru
 43266 | Elf:2    | Identified Dybocic's Tome of Excruciating Calling (You found it on level 2 of the Elven Halls)
 43872 | Elf:2    | Found Dayhoep's Armour Shoppe.
 43873 | Elf:2    | Noticed Rupert
 43885 | Elf:2    | Killed Rupert
 43895 | Elf:2    | Bought the cursed +0 cloak of the Thunderstorm {+Rage} for 144 gold pieces
 43954 | Elf:3    | Entered Level 3 of the Elven Halls
 44668 | Elf:3    | Received a gift from Okawaru
 44728 | Elf:3    | Reached skill level 19 in Fighting
 45048 | Elf:3    | Received a gift from Okawaru
 46037 | Elf:3    | Got a bloodstained quarterstaff {god gift}
 46041 | Elf:3    | Identified the +5 quarterstaff "Usmanap" {holy, rElec} (Okawaru gifted it to you on level 3 of the Elven Halls)
 46180 | Elf:3    | Reached XP level 20. HP: 96/139 MP: 26/26
 46288 | Elf:3    | Got a shimmering amber ring
 46306 | Elf:3    | Received a gift from Okawaru
 46326 | Elf:3    | Killed from afar by a deep elf annihilator

Action                   |  1- 3 |  4- 6 |  7- 9 | 10-12 | 13-15 | 16-18 | 19-21 || total
-------------------------+-------+-------+-------+-------+-------+-------+-------++-------
Melee: Flail             |   109 |    23 |       |       |       |       |       ||   132
       Hammer            |       |   180 |    30 |       |       |       |       ||   210
       Morningstar       |       |       |   243 |   361 |       |       |       ||   604
       Bastard sword     |       |       |   394 |   170 |       |       |       ||   564
       Demon whip        |       |       |       |   145 |  1970 |  1740 |   719 ||  4574
       Great mace        |       |       |       |     7 |       |       |       ||     7
Throw: Javelin           |       |       |     5 |    78 |   119 |    73 |    31 ||   306
Invok: Heroism           |       |       |       |     3 |     2 |     5 |     2 ||    12
       Finesse           |       |       |       |       |     2 |     4 |     2 ||     8
 Abil: Fly               |       |       |       |       |     1 |       |       ||     1
       Evoke Jump Attack |       |       |       |       |       |     1 |       ||     1
       Evoke Berserk Rag |       |       |       |       |       |       |     1 ||     1
Evoke: Wand              |       |       |     1 |     4 |    10 |     3 |     2 ||    20
       Deck              |       |       |       |       |     6 |       |       ||     6
  Use: Scroll            |     7 |     6 |    11 |     8 |    18 |    13 |     8 ||    71
       Potion            |     1 |     7 |     6 |    12 |     7 |    12 |     3 ||    48
 Stab: Distracted        |       |       |       |       |     1 |       |       ||     1
  Eat: Chunk             |       |     7 |     4 |    11 |    20 |     4 |       ||    46
       Bread ration      |       |       |     1 |       |     1 |       |       ||     2
       Meat ration       |       |       |     3 |       |     2 |     5 |     3 ||    13
       Fruit             |       |       |       |     7 |    13 |     4 |       ||    24
       Beef jerky        |       |       |       |     4 |     3 |     3 |     1 ||    11
       Pizza             |       |       |       |       |     2 |       |     1 ||     3
